 Dungeon Crawl Stone Soup version 0.26.0-16-gc1dbca0489 (webtiles) character file.

Game seed: 18358581484024890864

4 EnegeticOcto the Sneak (level 1, 0/20 HPs)
             Began as a Deep Dwarf Delver on Jan 18, 2021.
             Slain by an orc wizard
             ... wielding a +0 dagger
              (1 damage)
             ... on level 5 of the Dungeon.
             The game lasted 00:00:52 (107 turns).

EnegeticOcto the Sneak (Deep Dwarf Delver)           Turns: 107, Time: 00:00:53

Health: 0/20       AC:  4    Str: 15    XL:     1   Next: 50%
Magic:  0/0        EV: 12    Int: 13    God:
Gold:   7          SH:  0    Dex: 14    Spells: 0/0 levels left

rFire    . . .     SeeInvis .   a - +0 hand axe
rCold    . . .     Faith    .   (no shield)
rNeg     . . .     Spirit   .   b - +0 leather armour
rPois    .         Reflect  .   i - +0 helmet {Int+3}
rElec    .         Harm     .   (no cloak)
rCorr    .         Rampage  .   (no gloves)
Will     .....                  (no boots)
Stlth    +++.......             (no amulet)
HPRegen  0.00/turn              (no ring)
MPRegen  0.07/turn              (no ring)

@: non-regenerating
A: damage resistance, heal wounds, sense surroundings 1, no regeneration
a: Heal Wounds


You were on level 5 of the Dungeon.
You visited 1 branch of the dungeon, and saw 1 of its levels.

You collected 7 gold pieces.

Inventory:

Hand Weapons
 a - a +0 hand axe (weapon)
Armour
 b - a +0 leather armour (worn)
 i - a +0 helmet of intelligence (worn)
   (You found it on level 5 of the Dungeon)
Wands
 g - a wand of digging (3) {@v3}
Scrolls
 c - a scroll of fog {!r}
 d - a scroll of magic mapping {@r5 !r}
 e - a scroll of fear {!r}
Potions
 f - a potion of haste {@q4 !q}
 h - a potion of curing {unknown}


   Skills:
 - Level 2.6 Fighting
 + Level 2.6 Axes
 - Level 2.1 Dodging
 - Level 6.0 Stealth


You couldn't memorise any spells.
You didn't know any spells.
Your spell library was empty.

Dungeon Overview and Level Annotations

Branches:
Dungeon (5/15)
 Temple: D:4-7

Altars:
Trog
Zin


Innate Abilities, Weirdness & Mutations

You are resistant to damage.
You can heal yourself by infusing magical energy.
You passively map a small area around you.
You do not regenerate.


Message History

You hit the orc.
You kill the orc!
You completely miss the orc wizard. You hit the orc.
You kill the orc!
The orc wizard hits you but does no damage.
You hit the orc wizard but do no damage.
The orc wizard is moderately wounded.
The orc wizard hits you with a +0 dagger.
The orc wizard completely misses you.
You hit the orc wizard but do no damage.
The orc wizard is moderately wounded.
The orc wizard closely misses you.
The orc wizard casts a spell.
The orc wizard blinks!
The orc wizard points at you and mumbles some strange words.
The magic dart hits you.
Found a metallic brown potion.
You are too injured to fight recklessly!
You are too injured to fight recklessly!
You miss the orc wizard.
The orc wizard is moderately wounded.
The orc wizard hits you with a +0 dagger.
The orc wizard gestures wildly while chanting.
The orc wizard blinks!
You fail to use your ability.
You fail to use your ability.
The orc wizard hits you but does no damage.
You barely miss the orc wizard.
The orc wizard is moderately wounded.
The orc wizard barely misses you.
The orc wizard hits you with a +0 dagger.
* * * LOW HITPOINT WARNING * * *
You fail to use your ability.
The orc wizard is no longer moving quickly.
The orc wizard closely misses you.
You miss the orc wizard.
The orc wizard is moderately wounded.
The orc wizard closely misses you.
Your magical essence is drained by the effort!
You feel much better.
The orc wizard mumbles some strange words.
The orc wizard blinks!
The orc wizard closely misses you.
You hit the orc wizard.
The orc wizard is heavily wounded.
The orc wizard casts a spell.
The orc wizard blinks!
The orc wizard closely misses you.
You completely miss the orc wizard.
The orc wizard is heavily wounded.
The orc wizard hits you with a +0 dagger.
The orc wizard gestures wildly while chanting.
The orc wizard blinks!
You miss the orc wizard.
The orc wizard is heavily wounded.
The orc wizard barely misses you.
You closely miss the orc wizard.
The orc wizard is heavily wounded.
The orc wizard mumbles some strange words.
The orc wizard seems to speed up.
You hit the orc wizard.
The orc wizard is almost dead.
The orc wizard hits you but does no damage.
The orc wizard casts a spell at you. The magic dart hits you!
You hit the orc wizard but do no damage.
The orc wizard is almost dead.
The orc wizard casts a spell at you. The magic dart hits you.
You are too injured to fight recklessly!
You are too injured to fight recklessly!
You barely miss the orc wizard.
The orc wizard is almost dead.
The orc wizard hits you with a +0 dagger.
The orc wizard closely misses you.
You closely miss the orc wizard.
The orc wizard is almost dead.
The orc wizard hits you but does no damage.
The orc wizard hits you with a +0 dagger.
The orc wizard barely misses you.
The orc wizard hits you with a +0 dagger.
The orc wizard closely misses you.
The orc wizard gestures at you while chanting.
You resist with significant effort.
The orc wizard hits you but does no damage. x2
The orc wizard casts a spell.
The orc wizard blinks!
The orc wizard hits you but does no damage.
The orc wizard gestures at you while chanting.
The magic dart hits you.
* * * LOW HITPOINT WARNING * * *
The orc wizard hits you with a +0 dagger.
* * * LOW HITPOINT WARNING * * *
The orc wizard hits you with a +0 dagger.
* * * LOW HITPOINT WARNING * * *
The orc wizard closely misses you.
The orc wizard mumbles some strange words.
The orc wizard blinks!
The orc wizard hits you with a +0 dagger.
You die...

* , #$....#...,
#...... #.........
#..... #.........
###....####.........
#....................
#...............##...
#...............#....
#...§o....[)....<....
#!..@..........#.....
#..............#.....
#..............#.....
#............#.......
#........###.#.......
###....#####+#.......
#....#**#..........
#..... ......#.....
###... ......#.....


You could see an orc wizard (fast).

Vanquished Creatures
  2 orcs (D:5)
2 creatures vanquished.

Notes
Turn   | Place    | Note
-------+----------+-------------------------------------------
     0 | D:5      | EnegeticOcto the Deep Dwarf Delver began the quest for the
                  | Orb.
     0 | D:5      | Reached XP level 1. HP: 20/20 MP: 1/1
    14 | D:5      | Found a glowing silver altar of Zin.
    14 | D:5      | Found a bloodstained altar of Trog.
    55 | D:5      | Noticed an orc wizard
    82 | D:5      | Your magical essence is drained by the effort!
   104 | D:5      | HP: 1/20 [orc wizard/+0 dagger (2)]
   107 | D:5      | Slain by an orc wizard

Illustrated notes

Levels and vault maps discovered:
D:5:      cheibrodos_quashed, layout_basic, kiku_gazebo_pond_becter,
          gammafunk_temple_overflow_pools, serial_shops, shop

Action                   || total
-------------------------++-------
Melee: Hand axe          ||    23
 Abil: Heal Wounds       ||     1
Armor: Leather armour    ||    10
Dodge: Dodged            ||    18
